 Dungeon Crawl Stone Soup version 0.32-a0-791-gfc315c9ecd (webtiles) character file.

Game seed: 16373476902020816823

70 zenocrate the Digger (level 4, -5/40 HPs)
             Began as an Octopode Earth Elementalist on Mar 20, 2024.
             Slain by Terence
             ... wielding a +0 falchion
              (7 damage)
             ... on level 2 of the Dungeon.
             The game lasted 00:01:44 (1124 turns).

zenocrate the Digger (Octopode Earth Elementalist)  Turns: 1124, Time: 00:01:44

Health: -5/40      AC: 22    Str:  8 (9)  XL:     4   Next: 22%
Magic:  5/16       EV:  2    Int: 14 (17) God:
Gold:   93         SH:  0    Dex: 10 (12) Spells: 6/7 levels left

rFire   . .          .
                       - Unarmed
rCold   . . .        (no shield)
rNeg    . . .        (helmet currently unavailable)
rPois   +            (no amulet)
rElec   .            i - ring of magical power
rCorr   .            (no ring)
SInv    .            (no ring)
Will    .....        (no ring)
Stlth   ++           (no ring)
HPRegen 0.26/turn    (no ring)
MPRegen 0.15/turn    (no ring)
                     (no ring)

%: no passive effects
@: tree-form, attractive, held
A: stationary, stasis, torment immunity, boosted hp, almost no armour,
(amphibious), 8 rings, (camouflage 1), (gelatinous body 1), (nimble swimmer 1),
(tentacles)
a: no special abilities


You were on level 2 of the Dungeon.
You were a tree.
You visited 1 branch of the dungeon, and saw 2 of its levels.

You collected 93 gold pieces.

Inventory:

Jewellery
 i - a ring of magical power (left branch)
Scrolls
 c - a scroll of enchant weapon {unknown}
 d - 2 scrolls of identify {unknown}
 e - a scroll of torment {unknown}
 g - 2 scrolls of teleportation
Potions
 a - a potion of magic
 h - a potion of lignification


   Skills:
 - Level 0.5 Fighting
 + Level 3.1 Dodging
 - Level 3.0 Stealth
 + Level 2.1 Unarmed Combat
 - Level 2.0 Spellcasting
 - Level 1.1 Conjurations
 - Level 3.1 Earth Magic


You had 6 spell levels left.
You knew the following spells:

 Your Spells              Type           Power      Damage    Failure   Level
a - Sandblast             Erth           20%        2d7       7%          1

Your spell library contained the following spells:

 Spells                   Type           Power      Damage    Failure   Level
 Shock                    Conj/Air       12%        1d3       19%         1
 Passwall                 Erth           10%        N/A       21%         3
 Stone Arrow              Conj/Erth      14%        3d7       30%         3
 Swiftness                Air            1%         N/A       56%         3
 Brom's Barrelling Bould  Conj/Erth      7%         2d3       69%         4
 Petrify                  Alch/Erth      5%         N/A       77%         4
 Airstrike                Air            0%         2d(1-17)  93%         4


Dungeon Overview and Level Annotations

Branches:
Dungeon (2/15)

Altars:

Shops:
D:1 ?(   D:2 !

Annotations:
D:2 1 runed translucent door, Crazy Yiuf, Terence


Innate Abilities, Weirdness & Mutations

You are a tree.
Your roots penetrate the ground, keeping you stationary.
You cannot be teleported.
You are immune to unholy pain and torment.
Your maximum health is greatly increased.
You cannot wear most types of armour.
((You are amphibious.))
You can wear up to eight rings at the same time.
((Your skin changes colour to match your surroundings (Stealth+).))
((Your rubbery body absorbs attacks. (AC +1, EV +1)))
((You are camouflaged when in or above water. (Stealth+)))
((You have tentacles for arms and can constrict up to eight enemies at once.))


Message History

Aim: Terence, wielding a +0 falchion and wearing a +0 scale mail (heavily wounded, 84% to hit)
The blast of sand misses Terence.
The ribbon worm bites you but does no damage.
Terence hits you with a +0 falchion.
* * * LOW HITPOINT WARNING * * *
The ribbon worm bites you but does no damage.
Unknown command.
Unknown command.
It was a potion of attraction.
You feel attractive to monsters. Terence shouts, "Now you die!"
Terence hits you but does no damage.
Unknown command.
It was a potion of degeneration.
There was something very wrong with that liquid.
You feel weakened.
You feel dopey.
You feel clumsy. Terence hits you but does no damage.
The ribbon worm expels a string of sticky webbing.
The stream of webbing hits you but does no damage.
You are caught in a web!
You struggle to detach yourself from the web.
Terence hits you but does no damage.
The ribbon worm bites you but does no damage.
Unknown command.
You aren't carrying any items that you can evoke.
Unknown command.
Okay, then.
Casting: Sandblast (safe; 7% risk of failure)
Confirm with . or Enter, or press ? or * to list all spells.
Aiming: Sandblast (safe; 7% risk of failure)
Press: ? - help, Shift-Dir - straight line, f/p - Terence
Aim: Terence, wielding a +0 falchion and wearing a +0 scale mail (heavily wounded, 84% to hit)
The blast of sand hits Terence but does no damage.
Terence is heavily wounded.
Terence hits you but does no damage.
The ribbon worm expels a string of sticky webbing.
The stream of webbing hits you but does no damage.
You are even more entangled.
Terence hits you with a +0 falchion!
You die...
Terence says, "Time to find some more victims."

...####.#..# ##.#...# #
##.....#.. #....#.##.##.#....###
#.####.##.##.....#.#.#.#........
#.........##......#.#.#......###
##..###.####
.......#.#.......### ........#
.......#....[...... ##..#####
##......#........... #..#
#.#@w...#...ß....... ##..#
#.♣..!###ß...ß..... #...#
#.#.....#.........>. #.<.#
###.....#........... #)###
##.....#.#.....†.... #.##
+............)...... .>.#######
##.....#.#........## .#.......#
###.....#.........# ...#####...
#.#.....#....†....# ...#
##.....###ß...ß...#


You could see Terence and a ribbon worm (catching breath).

Vanquished Creatures
  4 gnolls (D:2)
  A ribbon worm (D:2)
  An orc (D:2)
  2 ball pythons
  6 endoplasms
  3 hobgoblins
  2 bats
  3 frilled lizards
  2 goblins (D:2)
  3 kobolds
  2 rats (D:1)
29 creatures vanquished.

Notes
Turn   | Place    | Note
-------+----------+-------------------------------------------
     0 | D:1      | zenocrate the Octopode Earth Elementalist began the quest
                  | for the Orb.
     0 | D:1      | Reached XP level 1. HP: 11/11 MP: 3/3
   115 | D:1      | Found a faded altar of an unknown god.
   120 | D:1      | Reached XP level 2. HP: 18/18 MP: 0/5
   225 | D:1      | Found Qaonk's Antique Weapon Shop.
   391 | D:1      | Found Noitwon's Magic Scroll Shoppe.
   640 | D:2      | Reached skill level 1 in Unarmed Combat
   651 | D:2      | Reached XP level 3. HP: 15/22 MP: 1/6
   856 | D:2      | Reached XP level 4. HP: 27/27 MP: 4/7
   970 | D:2      | Found a runed translucent door.
   971 | D:2      | Noticed Crazy Yiuf
   994 | D:2      | Found Umaip's Distillery.
  1108 | D:2      | Noticed Terence
  1120 | D:2      | HP: 1/40 [Terence/+0 falchion (6)]
  1124 | D:2      | Slain by Terence

Illustrated notes

Levels and vault maps discovered:
D:1:      saegor_arrival_simple_c, layout_rooms, ebering_ecumenical_altar_ruins,
          serial_shops, nicolae_shop_temple_entry_statues_fountains,
          shop_statue, dk_noncrumbling_3, dreamdust_wishing_well,
          amcnicky_mini_pool_small
D:2:      wad_pebble_path, layout_loops_ring, serial_shops, shop, uniq_terence,
          uniq_crazy_yiuf_cottage

Skill      XL: |  1  2  3 |
---------------+----------+-----
Stealth        | 3 |  3.0
Unarmed Combat | 1 2 |  2.1
Dodging        | 3 |  3.1
Fighting       | |  0.5
Spellcasting   | |  2.0
Conjurations   | |  1.1
Earth Magic    | |  3.1

Action                     |  1- 3 |  4- 6 || total
---------------------------+-------+-------++-------
  Melee: Unarmed           |    36 |    11 ||    47
         Constrict         |    12 |     3 ||    15
         Tentacles         |    10 |     3 ||    13
         Punch             |       |     1 ||     1
   Cast: Sandblast         |    19 |     5 ||    24
    Use: Potion            |       |     3 ||     3
         Scroll            |       |     1 ||     1
   Stab: Sleeping          |     2 |       ||     2
 Armour: Skin              |    10 |    21 ||    31
  Dodge: Dodged            |    21 |     3 ||    24

Table legend: (Time is in decaauts)
 A = Elapsed time spent in this place.
 B = Non-inter-level travel time spent in this place.
 C = Inter-level travel time spent in this place.
 D = Time resting spent in this place.
 E = Time spent auto-exploring this place.
 F = Levels seen in this place.
 G = Mean time per level.
                   A        B        C        D        E       F      G
               +--------+--------+--------+--------+--------+-----+--------+
         Total |   1133 |   1110 |     23 |      0 |    876 |   2 |  566.5 |
       Dungeon |   1133 |   1110 |     23 |      0 |    876 |   2 |  566.5 |
               +--------+--------+--------+--------+--------+-----+--------+

Top non-repeatable levels by time:
     D:2: 572 daAuts
     D:1: 560 daAuts
